Map: [ESL] Gresvan

Players

ShoWTimE - Winner!

  • Race: Protoss Protoss
  • League: Grandmaster
  • Spawn Location: 5:00

marcj (uThermal)

  • Race: Terran Terran
  • League: Master
  • Spawn Location: 11:00

Event: HomeStory Cup XXIII

VOD

Have the link to the VOD?

Description

Time

  • Played on: July 1, 2023, 11:12 a.m.
  • Length: 6:46

All games in this series

Show
View Real Time Build Order
Export as new Build Order

ShoWTimE Protoss - Winner!

Build Orders: 1 Gate Expand 

Get SALT Encoding   

  12  0:00  Probe  
  13  0:12  Probe  
  14  0:17  Pylon  
  14  0:24  Probe  
  15  0:35  Gateway  
  15  0:36  Probe (Chrono Boost)  
  16  0:46  Probe (Chrono Boost), Assimilator  
  17  0:51  Probe (Chrono Boost)  
  18  1:03  Probe  
  19  1:15  Probe  
  20  1:22  Nexus  
  20  1:31  Cybernetics Core  
  20  1:35  Probe  
  21  1:40  Assimilator  
  21  1:47  Probe  
  21  1:51  Pylon  
  22  1:59  Probe  
  23  2:05  Warp Gate (Chrono Boost)  
  23  2:06  Stalker (Chrono Boost)  
  23  2:11  Probe  
  26  2:23  Probe  
  26  2:25  Robotics Facility  
  27  2:31  Stalker (Chrono Boost)  
  27  2:35  Probe  
  30  2:38  Probe  
  31  2:47  Probe  
  31  2:51  Probe  
  32  2:55  Gateway  
  32  2:57  Stalker  
  34  3:01  Probe  
  34  3:03  Probe  
  36  3:13  Probe  
  36  3:14  Pylon  
  36  3:16  Probe, Observer (Chrono Boost)  
  39  3:21  Pylon  
  39  3:25  Probe  
  40  3:28  Probe, Observer (Chrono Boost)  
  40  3:42  Probe  
  40  3:48  Warp Prism  
  40  3:51  Stalker  
  40  3:55  Stalker  
  46  3:58  Probe  
  46  4:02  Pylon  
  47  4:10  Pylon  
  47  4:14  Shield Battery  
  47  4:18  Stalker x2  
  51  4:25  Gateway  
  51  4:37  Probe  
  47  4:48  Stalker x2  
  47  4:51  Probe x2  
  53  4:59  Twilight Council  
  53  5:03  Probe  
  53  5:04  Pylon  
  54  5:11  Probe, Stalker x2  
  59  5:15  Probe  
  59  5:19  Shield Battery  
  60  5:23  Probe  
  60  5:27  Probe  
  62  5:39  Stalker x2  
  56  5:53  Probe x2  
  56  5:57  Assimilator  
  56  6:01  Gateway  
  56  6:03  Gateway  
  56  6:05  Probe  
  56  6:06  Stalker x2  
  56  6:10  Probe  
  62  6:14  Pylon  
  62  6:17  Probe  
  59  6:33  Stalker x2  
Show
View Real Time Build Order
Export as new Build Order

marcj Terran 

Build Orders: 2 Factory, Hellion Opening 

Get SALT Encoding   

  12  0:00  SCV  
  13  0:12  SCV  
  14  0:17  Supply Depot  
  14  0:24  SCV  
  14  0:27  Refinery  
  15  0:38  SCV  
  16  0:43  Barracks  
  16  0:50  SCV  
  16  0:54  Refinery  
  17  1:02  SCV  
  18  1:14  SCV  
  19  1:30  Orbital Command, Reaper  
  20  1:41  Factory  
  20  1:55  Factory  
  20  2:00  SCV  
  21  2:07  Barracks Reactor  
  21  2:12  Supply Depot  
  21  2:16  SCV  
  22  2:26  Armory  
  22  2:35  SCV  
  23  2:39  Hellion  
  25  2:48  Reaper  
  25  2:49  Reaper  
  28  2:53  Supply Depot  
  28  2:56  Hellion  
  29  3:01  Hellion  
  31  3:15  SCV  
  31  3:19  Hellion  
  34  3:21  Reaper x2  
  34  3:25  Hellion  
  38  3:31  Supply Depot  
  38  3:40  Hellion  
  38  3:47  Hellion  
  37  3:53  Reaper x2  
  37  3:54  Supply Depot  
  39  4:02  Hellion  
  41  4:08  Hellion  
  41  4:25  Reaper  
  38  4:31  Reaper  
  38  4:33  Hellion  
  38  4:35  SCV  
  40  4:45  Command Center  
  39  4:57  Reaper  
  39  4:59  Factory Tech Lab  
  39  5:03  Reaper  
  39  5:04  SCV  
  39  5:05  Supply Depot  
  41  5:18  Thor  
  46  5:29  Marine  
  46  5:31  SCV  
  46  5:35  Marine  
  38  5:44  SCV  
  38  5:47  Marine  
  36  5:53  Marine  
  35  6:03  Thor  
  40  6:05  Marine  
  40  6:11  Marine  
  38  6:23  Marine  
Tags
 
Add a new tag
Caveats
  • Supply blocks, unpowered buildings, or Contaminate may cause inaccurate times.
  • Supply counts are checked every 10 seconds.